 Dungeon Sprint DCSS version 0.20-a0-1050-g57248f3 (webtiles) character file.

837 Denreik the Spear-Bearer (level 8, -4/73 HPs)
             Began as a Formicid Chaos Knight on Apr 25, 2017.
             Slain by a centaur warrior (7 damage)
             ... in the Dungeon (Sprint I: "Red Sonja").
             The game lasted 00:06:30 (1043 turns).

Denreik the Spear-Bearer (Formicid Chaos Knight)    Turns: 1043, Time: 00:06:30

Health: -4/73      AC:  5    Str: 19    XL:     8   Next: 19%
Magic:  8/8        EV: 12    Int: 12    God:    Xom [....*.]
Gold:   391        SH:  0    Dex: 10    Spells: 5/7 levels left

rFire    . . .     SeeInvis +   a - +0 spear (chaos)
rCold    . . .     Gourm    .   (no shield)
rNeg     . . .     Faith    .   b - +2 leather armour
rPois    .         Spirit   .   (helmet unavailable)
rElec    .         Reflect  .   (no cloak)
rCorr    .         Harm     .   (no gloves)
MR       .....                  (no boots)
Stlth    +.........             (no amulet)
Regen    0.3/turn               (no ring)
MPRegen  0.2/turn               (no ring)

@: heavily drained, very slow
A: permanent stasis, dig shafts and tunnels, four strong arms, antennae 3
a: Dig, Renounce Religion


You were in the Dungeon.
You worshipped Xom.
You were a beloved toy of Xom.
You were hungry.

You visited 1 branch You collected 391 gold pieces.

Inventory:

Hand Weapons
 a - a +0 spear of chaos (weapon)
 k - a +0 scythe
Armour
 b - a +2 leather armour (worn)
Magical Staves
 m - an uncursed staff of earth {unknown}
Scrolls
 i - a scroll of blinking
 l - 3 scrolls of remove curse {unknown}
Potions
 d - a potion of curing
 f - a potion of haste
 g - 2 potions of magic
 h - a potion of berserk rage
Books
 j - Xom's Catalogue of Distraction
   (Xom gifted it to you in the Dungeon)

   Spells                             Type                      Level
   a - Swiftness                      Charms/Air                   2
   b - Poisonous Vapours              Poison/Air                   2
   c - Spider Form                    Transmutation/Poison         3
   d - Airstrike                      Air                          4
   e - Venom Bolt                     Conjuration/Poison           5
Comestibles
 c - a bread ration


   Skills:
 - Level 10.4(8.7) Fighting
 - Level 13.4(11.7) Polearms
 - Level 2.1(0.8) Armour
 - Level 3.1(1.8) Dodging
 * Level 3.3(2.0) Poison Magic


You had 5 spell levels left.
You knew the following spells:

 Your Spells              Type           Power        Failure   Level  Hunger
a - Poisonous Vapours     Pois/Air       #.....       36%         2    ###....


Dungeon Overview and Level Annotations

Branches:
Dungeon (1/1)

Altars:
Cheibriados
Dithmenos
Elyvilon
Fedhas
Gozag
Hepliaklqana
Kikubaaqudgha
Makhleb
Nemelex Xobeh
Okawaru
Qazlal
Ru
Sif Muna
Trog
Uskayaw
Vehumet
Wu Jian
Xom
Yredelemnul
Zin
The Shining One
Jiyva
Lugonu

Shops:
D =


Innate Abilities, Weirdness & Mutations

You cannot be hasted, slowed, berserked, paralysed or teleported.
You can dig through walls and to a lower floor.
Your four strong arms can wield two-handed weapons with a shield.
You have a pair of large antennae on your head. (SInv)


Message History

The centaur warrior goes berserk!
Xom thinks this is hilarious!
The centaur warrior is lightly wounded.
The centaur warrior barely misses you. The centaur warrior hits you.
You closely miss the centaur warrior.
The centaur warrior is lightly wounded.
The centaur warrior hits you!
* * * LOW HITPOINT WARNING * * *
Okay, then.
You feel much better. The centaur warrior hits you!!
* * * LOW HITPOINT WARNING * * *
The centaur warrior hits you!
* * * LOW HITPOINT WARNING * * *
The centaur warrior hits you!
You die... "Oh, no, you don't!"
Xom revives you! The centaur warrior hits you!
You die...
Xom giggles madly! ####################********* *** .#.[)..#..'..#__#..+,,{*,,*,, k+h

.'..#..'[.#..'..'..#,{, *+* ****h
.#####'#####'#__####{,,+{s*,*, **
)####..#,, #[####§§#****{s+,* ,*
.#__####,,##.#§§§§§#,,**+****,,,
.#_____##+#_.'≈§§c§+,{*,,,,,*,,,*
⌠#_.∩..÷'..._#§§@c§#,,*,,,,,+ ,
##_..__##_.#+##+####*+***,9,*, ,,
,#_____###'#.#,,,,***{+,*,,,** +
*#########.)##*+***, **,*,,*** ,*
,,,,,, ,+...+,,{,,+,∩**,*, *** ,,
*+ ++***#...#****** ***,**+* ,* ,
,{,,,,**##.##*,, ,, ,**s** *,,,,
,,,,,,{*,#+#,*{{,,,,,,+,*** ,
,*,,{,,*,{,{,*+++** ***s* ,+ ,


You could see 2 centaur warriors.

Vanquished Creatures
  A slime creature (D)
  Sigmund (D)
  2 yaks (D)
  A golden eye (D)
  An ogre (D)
  A jelly (D)
  Ijyb (D)
8 creatures vanquished.

Notes
Turn   | Place    | Note
-------+----------+-------------------------------------------
     0 | D        | Denreik the Formicid Chaos Knight began the quest for the Orb.
     0 | D        | Reached XP level 1. HP: 18/18 MP: 1/1
     1 | D        | Noticed Ijyb
    15 | D        | XOM: potion effect (brilliance)
    24 | D        | Killed Ijyb
    24 | D        | Reached XP level 2. HP: 25/28 MP: 2/2
    24 | D        | Reached XP level 3. HP: 31/34 MP: 3/3
    28 | D        | Noticed an ogre
    36 | D        | Killed an ogre
    36 | D        | Reached skill level 7 in Polearms
    36 | D        | Reached XP level 4. HP: 16/40 MP: 4/4
    36 | D        | Reached XP level 5. HP: 19/46 MP: 5/5
   225 | D        | Noticed Sigmund
   241 | D        | Killed Sigmund
   241 | D        | Reached skill level 10 in Polearms
   241 | D        | Reached XP level 6. HP: 39/56 MP: 6/6
   336 | D        | XOM: silly message
   346 | D        | Found a burning altar of Makhleb.
   346 | D        | Found a viscous altar of Jiyva.
   346 | D        | Found a shimmering altar of Xom.
   346 | D        | Found a corrupted altar of Lugonu.
   346 | D        | Noticed a slime creature
   360 | D        | XOM: divination: magic mapping
   370 | D        | XOM: summons 6 friendly demons
   371 | D        | XOM: divination: detect creatures
   397 | D        | Killed a slime creature
   397 | D        | Reached skill level 11 in Polearms
   397 | D        | Reached XP level 7. HP: 28/64 MP: 7/7
   446 | D        | XOM: god gift: bloodstained robe {god gift}
   601 | D        | Found a deep blue altar of Sif Muna.
   602 | D        | Found an ornate altar of the Wu Jian Council.
   603 | D        | Found a radiant altar of Vehumet.
   607 | D        | Reached skill level 12 in Polearms
   614 | D        | Found Ovaucis's Jewellery Emporium.
   614 | D        | Found an ancient bone altar of Kikubaaqudgha.
   614 | D        | Found a hazy altar of Hepliaklqana.
   614 | D        | Found a stormy altar of Qazlal.
   614 | D        | Found a hide-covered altar of Uskayaw.
   614 | D        | Found a blossoming altar of Fedhas.
   614 | D        | Found a bloodstained altar of Trog.
   614 | D        | Found an iron altar of Okawaru.
   614 | D        | Found a basalt altar of Yredelemnul.
   614 | D        | Found a glowing golden altar of the Shining One.
   614 | D        | Found a snail-covered altar of Cheibriados.
   614 | D        | Found a sacrificial altar of Ru.
   614 | D        | Found a glowing silver altar of Zin.
   614 | D        | Found a shadowy altar of Dithmenos.
   614 | D        | Found a white marble altar of Elyvilon.
   614 | D        | Noticed a yak
   634 | D        | Killed a yak
   635 | D        | Found an opulent altar of Gozag.
   635 | D        | XOM: cleaving
   644 | D        | Killed a yak
   644 | D        | Reached skill level 10 in Fighting
   644 | D        | Reached skill level 13 in Polearms
   644 | D        | Reached XP level 8. HP: 13/73 MP: 8/8
   903 | D        | Identified Xom's Catalogue of Distraction (Xom gifted it to you in the Dungeon)
   903 | D        | XOM: god gift: Xom's Catalogue of Distraction
   904 | D        | Found a sparkling altar of Nemelex Xobeh.
   912 | D        | Learned a level 2 spell: Poisonous Vapours
   922 | D        | Noticed Sonja
   936 | D        | Noticed Sonja
   936 | D        | Sonja changed into Sonja the golden eye
   936 | D        | XOM: polymorph Sonja -> Sonja the golden eye
   938 | D        | XOM: destruction
   951 | D        | XOM: god gift: long jewelled staff {god gift}
   970 | D        | Killed Sonja the golden eye
  1034 | D        | Noticed a centaur warrior
  1035 | D        | Noticed a centaur warrior
  1043 | D        | HP: 1/73 [centaur warrior (14)]
  1043 | D        | Xom revived you
  1043 | D        | Slain by a centaur warrior

Vault maps used:
D:        dungeon_sprint_1

Skill      XL: |  1  2  3  4  5  6  7  8 |
---------------+-------------------------+-----
Fighting       | 6 8 9 10 | 10.4
Dodging        | 3 |  3.1
Polearms       | 7 10 11 13 | 13.4
Poison Magic   | 3 |  3.3
Armour         | |  2.1

Action                   |  1- 3 |  4- 6 |  7- 9 || total
-------------------------+-------+-------+-------++-------
Melee: Spear             |    30 |    48 |    51 ||   129
 Abil: Dig               |       |       |     1 ||     1
  Use: Potion            |       |       |     1 ||     1
 Stab: Petrified         |       |     7 |       ||     7
       Paralysed         |       |       |     3 ||     3
Armor: Leather armour    |     3 |     1 |     2 ||     6
Dodge: Dodged            |    11 |     7 |    18 ||    36
